 Dungeon Sprint DCSS version 0.27-a0-1036-g8e1b44f6bd (webtiles) character file.

Game seed: 2490336938866664705

22742 mhtbhm the Eclecticist (level 12, -3/62 HPs)
             Began as a Deep Elf Fire Elementalist on Apr 18, 2021.
             Was the Champion of Vehumet.
             Slain by a demonic crawler (8 damage)
             ... in the Dungeon (Sprint V: "Ziggurat Sprint").
             The game lasted 00:10:28 (1906 turns).

mhtbhm the Eclecticist (Deep Elf Fire Elementalist) Turns: 1906, Time: 00:10:29

Health: -3/62      AC:  7    Str:  3    XL:     12   Next: 65%
Magic:  35/35      EV: 17    Int: 38    God:    Vehumet [******]
Gold:   0          SH:  0    Dex: 15    Spells: 20/52 levels left

rFire    + . .     SeeInvis .   C - +8 lance "Wyrmbane" {slay drac, rPois rF+ rC+ AC+3}
rCold    + . .     Faith    .   (no shield)
rNeg     . . .     Spirit   .   a - +2 robe {Will+}
rPois    +         Reflect  .   (no helmet)
rElec    .         Harm     .   (no cloak)
rCorr    .         Rampage  .   (no gloves)
Will     ++...     NoTele   +   (no boots)
Stlth    +++++.....             (no amulet)
HPRegen  0.20/turn              x - +6 ring of intelligence
MPRegen  0.24/turn              y - +6 ring of intelligence

@: studying Transmutations
A: low mp 1, weak 1
a: Renounce Religion


You were in the Dungeon.
You worshipped Vehumet.
Vehumet was exalted by your worship.
You visited 1 branch

Inventory:

Hand Weapons
 C - the +8 lance "Wyrmbane" (weapon) {slay drac, rPois rF+ rC+ AC+3}
   (You found it in the Dungeon)

   It affects your AC (+3).
   It protects you from fire.
   It protects you from cold.
   It protects you from poison.
 D - the +7 great mace "Undeadhunter" {disrupt, rN+}
   (You found it in the Dungeon)

   It protects you from negative energy.
Missiles
 u - 8 curare-tipped darts (quivered)
Armour
 a - a +2 robe of willpower (worn)
Jewellery
 x - a +6 ring of intelligence (left hand)
 y - a +6 ring of intelligence (right hand)
 A - a ring of positive energy
 I - the ring of Pazolits {Ice rCorr}
   (You found it in the Dungeon)

   [ring of ice]

   It enhances your ice magic.
   It makes you vulnerable to fire.
   It protects you from cold.
   It protects you from acid and corrosion.
Wands
 r - a wand of mindburst (4)
 s - a wand of iceblast (6)
 t - a wand of acid (2)
Scrolls
 h - 3 scrolls of blinking
 m - 4 scrolls of amnesia
 n - 7 scrolls of fog
 o - a scroll of holy word
 p - 5 scrolls of identify
 w - a scroll of brand weapon
Potions
 b - 2 potions of brilliance
 c - 10 potions of curing
 d - 17 potions of heal wounds
 e - 6 potions of haste
 f - 7 potions of magic
 g - a potion of berserk rage
 i - 2 potions of invisibility
 j - 4 potions of resistance
 k - a potion of experience
 l - 5 potions of might
Miscellaneous
 v - a condenser vane (inert)
 z - a box of beasts
 B - a lightning rod (4/4)
 E - a phantom mirror
 F - a tin of tremorstones (1/2)
 G - a piece from Xom's chessboard (15/15)
 H - a piece from Xom's chessboard (15/15)


   Skills:
 + Level 1.8 Fighting
 + Level 3.9 Polearms
 + Level 10.8 Dodging
 - Level 10.8 Stealth
 + Level 20.9 Spellcasting
 + Level 11.6 Conjurations
 + Level 20.5 Fire Magic
 + Level 7.6 Earth Magic
 + Level 10.3 Evocations


You had 20 spell levels left.
You knew the following spells:

 Your Spells              Type           Power      Damage    Failure   Level
a - Foxfire               Conj/Fire      100%       2x1d9     0%          1
b - Conjure Flame         Conj/Fire      100%       6-21      0%          3
c - Inner Flame           Hex/Fire       87%        N/A       1%          3
d - Sticky Flame          Conj/Fire      100%       2d11      0%          4
e - Fireball              Conj/Fire      52%        3d20      1%          5
f - Bolt of Magma         Conj/Fire/Erth 48%        4d20      1%          5
g - Lee's Rapid Deconstr  Erth           39%        3d20*     1%          5
h - Freezing Cloud        Conj/Ice/Air   31%        6-21      5%          6

Your spell library contained the following spells:

 Spells                   Type           Power      Damage    Failure   Level
 Iron Shot                Conj/Erth      42%        9d8       1%          6
 Magic Dart               Conj           100%       1d8       0%          1
 Apportation              Tloc           78%        N/A       1%          1
 Corona                   Hex            43%        N/A       1%          1
 Shock                    Conj/Air       100%       1d9       1%          1
 Blink                    Tloc           N/A        N/A       1%          2
 Call Imp                 Summ           39%        N/A       1%          2
 Corpse Rot               Necr/Air       N/A        N/A       1%          2
 Ensorcelled Hibernation  Hex/Ice        78%        N/A       1%          2
 Poisonous Vapours        Pois/Air       78%        N/A       1%          2
 Slow                     Hex            39%        N/A       1%          2
 Static Discharge         Conj/Air       71%        N/A       1%          2
 Sublimation of Blood     Necr           19%        N/A       1%          2
 Call Canine Familiar     Summ           39%        N/A       1%          3
 Confusing Touch          Hex            39%        N/A       1%          3
 Lesser Beckoning         Tloc           19%        N/A       1%          3
 Mephitic Cloud           Conj/Pois/Air  62%        N/A       1%          3
 Portal Projectile        Hex/Tloc       78%        N/A       1%          3
 Stone Arrow              Conj/Erth      100%       3d13      1%          3
 Swiftness                Air            39%        N/A       1%          3
 Tukima's Dance           Hex            39%        N/A       1%          3
 Airstrike                Air            19%        N/A       1%          4
 Leda's Liquefaction      Hex/Erth       31%        N/A       1%          4
 Lightning Bolt           Conj/Air       35%        1d53      1%          5
 Starburst                Conj/Fire      52%        8x6d14    1%          6
 Conjure Ball Lightning   Conj/Air       35%        3x3d11    2%          6
 Cause Fear               Hex            19%        N/A       7%          4
 Dispel Undead            Necr           39%        3d16      7%          4
 Passage of Golubria      Tloc           N/A        N/A       7%          4
 Summon Lightning Spire   Summ/Air       39%        N/A       7%          4
 Agony                    Necr           39%        N/A       19%         5
 Alistair's Intoxication  Tmut/Pois      26%        N/A       19%         5
 Excruciating Wounds      Necr           19%        N/A       19%         5
 Hydra Form               Tmut           19%        N/A       19%         5
 Manifold Assault         Tloc           39%        N/A       19%         5
 Silence                  Hex/Air        19%        N/A       19%         5
 Summon Forest            Summ/Tloc      19%        N/A       19%         5
 Summon Mana Viper        Hex/Summ       39%        N/A       19%         5
 Eringya's Noxious Bog    Tmut/Pois      19%        N/A       26%         6
 Invisibility             Hex            39%        N/A       71%         6
 Shadow Creatures         Summ           N/A        N/A       71%         6
 Summon Hydra             Summ           19%        N/A       99%         7
 Dragon's Call            Summ           19%        N/A       100%        9
 Tornado                  Air            19%        N/A       100%        9


Dungeon Overview and Level Annotations

Branches:
Dungeon (1/1)

Altars:
Ashenzari
Cheibriados
Dithmenos
Elyvilon
Fedhas
Gozag
Hepliaklqana
Kikubaaqudgha
Makhleb
Nemelex Xobeh
Okawaru
Qazlal
Ru
Sif Muna
Trog
Uskayaw
Vehumet
Wu Jian
Xom
Yredelemnul
Zin
The Shining One
Beogh
Jiyva
Lugonu


Innate Abilities, Weirdness & Mutations

Your magical capacity is low. (-10% MP)
You are weak. (Str -2)


Message History

The burst of rock shards engulfs the wolf spider!!
You kill the wolf spider!
Vehumet accepts your kill. The burst of rock shards engulfs you!
The burst of rock shards engulfs the emperor scorpion but does no damage.
The burst of rock shards engulfs the demonic crawler! x2
The burst of rock shards engulfs the demonic crawler.
The burst of rock shards engulfs the emperor scorpion!
The burst of rock shards engulfs you.
The burst of rock shards engulfs the demonic crawler but does no damage.
The burst of rock shards engulfs you!
The burst of rock shards engulfs the emperor scorpion but does no damage.
The burst of rock shards engulfs the demonic crawler!
The burst of rock shards engulfs the emperor scorpion but does no damage.
The burst of rock shards engulfs the demonic crawler but does no damage.
The burst of rock shards engulfs the demonic crawler!
The burst of rock shards engulfs you. The demonic crawler barely misses you.
The demonic crawler hits you.
The demonic crawler completely misses you. x2
The demonic crawler barely misses you. x2
Unknown command.
Unknown command.
Unknown command.
Unknown command.
Unknown command.
Unknown command.
Okay, then.
Blink to where?
Press: ? - help, Dir - move target, f - you
Okay, then.
Okay, then.
As you read the scroll of fear, it crumbles to dust.
You assume a fearsome visage.
The demonic crawler is unaffected. x2
The emperor scorpion looks frightened!
The demonic crawler hits you. The demonic crawler closely misses you.
The demonic crawler hits you!
* * * LOW HITPOINT WARNING * * *
The demonic crawler hits you.
* * * LOW HITPOINT WARNING * * *
The demonic crawler hits you!
You die...

▓..??}):)[..▓........▓.
▓.§§)§§§§§§§▓...©....▓.
▓.§§§§§§§§§§▓▓▓▓▓▓▓▓▓▓▓
▓.§§§§§§.§§§▓...8©8...▓
▓...§§§§§§..▓...):....▓
...§§§§†...▓....[)...▓
▓s§§§.▓ ▓...))....▓
▓▓§ss▓▓ ▓....†....▓
▓..▓..@..▓..▓.....†...▓
▓.....©.....▓.........▓
▓▓▓▓▓▓▓▓▓▓▓▓▓.........▓
▓....8©8....▓....©....▓
▓..})=):.|..▓▓▓▓▓▓▓▓▓▓▓
▓...|[)[[...▓...8©8...▓
▓...........▓....)[}..▓
▓...........▓.........▓
▓...........▓.........▓


You could see an emperor scorpion (fleeing, drained) and 2 demonic crawlers.

Vanquished Creatures
  3 rockslimes (D)
  An azure jelly (D)
  A blizzard demon (D)
  A hydra (D)
  A death yak (D)
  3 two-headed ogres (D)
  A thrashing horror (D)
  3 spriggan berserkers (D)
  A soul eater (D)
  A lindwurm (D)
  4 wolf spiders (D)
  An elephant (D)
  An eye of devastation (D)
  A cane toad (D)
  2 komodo dragons (D)
  2 rime drakes (D)
  2 freezing wraiths (D)
  An ice devil (D)
  4 jumping spiders (D)
  3 hornets (D)
  7 slime creatures (D)
  4 spriggans (D)
  A wraith (D)
  2 tarantellas (D)
  A basilisk (D)
  2 golden eyes (D)
  A neqoxec (D)
  A floating eye (D)
  5 black bears (D)
  2 wolves (D)
  2 ogres (D)
  A small abomination (D)
  2 scorpions (D)
  2 crimson imps (D)
  3 quasits (D)
  6 jellies (D)
  An iron imp (D)
  A mummy (D)
  2 shadow imps (D)
  2 white imps (D)
  2 ufetubi (D)
  2 adder skeletons (D)
  A bat skeleton (D)
  A bat zombie (D)
  2 endoplasms (D)
  2 ball python skeletons (D)
  A ball python zombie (D)
  2 jackal skeletons (D)
98 creatures vanquished.

Notes
Turn   | Place    | Note
-------+----------+-------------------------------------------
     0 | D        | mhtbhm the Deep Elf Fire Elementalist began the quest for
                  | the Orb.
     0 | D        | Reached XP level 1. HP: 10/10 MP: 6/6
     0 | D        | Found a shimmering blue altar of Sif Muna.
     0 | D        | Found a bloodstained altar of Trog.
     0 | D        | Found a sacrificial altar of Ru.
     0 | D        | Found a stormy altar of Qazlal.
     0 | D        | Found an iron altar of Okawaru.
     1 | D        | Found a sparkling altar of Nemelex Xobeh.
     1 | D        | Found a blossoming altar of Fedhas.
     2 | D        | Found the +6 Majin-Bo {vamp, MP+6 Int+6}
     2 | D        | Found the +9 heavy crossbow "Sniper" {vorpal, Acc+∞ SInv}
     2 | D        | Found the +10 dark maul {vorpal}
     2 | D        | Found the +15 Maxwell's patent armour {-Cast -Tele rElec
                  | Will+ rCorr}
     2 | D        | Found the +18 shield of the Gong {rElec rN+ Will+ EV-5}
     2 | D        | Found the +14 obsidian axe {vorpal, Drain Fly SInv}
     2 | D        | Found the +7 great mace "Firestarter" {inner flame, rF++}
     2 | D        | Found the +6 shillelagh "Devastator" {shatter}
     2 | D        | Found the +11 plutonium sword {Contam Stlth-}
     2 | D        | Found the +8 lance "Wyrmbane" {slay drac, rPois rF+ rC+
                  | AC+3}
     2 | D        | Found the +9 sword of Zonguldrok {reap}
     2 | D        | Found the +13 scythe of Curses {drain, Drain}
     2 | D        | Found the +5 sword of Power {vorpal}
     2 | D        | Found the +7 mace of Variability {chain chaos}
     2 | D        | Found the +7 Singing Sword {vorpal, sonic wave}
     2 | D        | Found the +8 storm bow {elec, penet}
     3 | D        | Found a transporter.
     3 | D        | Found an ancient bone altar of Kikubaaqudgha.
     3 | D        | Found a viscous altar of Jiyva.
     3 | D        | Found a corrupted altar of Lugonu.
     3 | D        | Found a hazy altar of Hepliaklqana.
     3 | D        | Found a burning altar of Makhleb.
     3 | D        | Found an opulent altar of Gozag.
    46 | D        | Became a worshipper of Vehumet
    59 | D        | Entered arena 2.
    59 | D        | Noticed a rime drake
    59 | D        | Noticed a rime drake
    59 | D        | Found a transporter.
    63 | D        | Killed a rime drake
    64 | D        | Reached skill level 5 in Dodging
    64 | D        | Reached skill level 5 in Stealth
    64 | D        | Reached skill level 10 in Fire Magic
    64 | D        | Reached skill level 1 in Evocations
    64 | D        | Reached XP level 2. HP: 13/15 MP: 6/12
    64 | D        | Reached XP level 3. HP: 16/19 MP: 7/14
    64 | D        | Reached XP level 4. HP: 21/24 MP: 7/15
    64 | D        | Reached XP level 5. HP: 24/28 MP: 7/17
    68 | D        | Killed a rime drake
    69 | D        | Reached XP level 6. HP: 32/32 MP: 7/20
    69 | D        | Reached XP level 7. HP: 36/36 MP: 7/21
   112 | D        | Got the ring of Muhuk {rF++ EV+4 Str-3 Int+4 Dex+5}
   118 | D        | Learned a level 3 spell: Conjure Flame
   122 | D        | Learned a level 3 spell: Inner Flame
   127 | D        | Learned a level 4 spell: Sticky Flame
   133 | D        | Learned a level 5 spell: Fireball
   140 | D        | Entered arena 3.
   140 | D        | Noticed a golden eye
   140 | D        | Noticed a slime creature
   140 | D        | Found a transporter.
   141 | D        | Killed a golden eye
   141 | D        | Reached * piety under Vehumet
   141 | D        | Offered knowledge of Freeze by Vehumet.
   143 | D        | Killed a slime creature
   144 | D        | Reached skill level 10 in Spellcasting
   298 | D        | Entered arena 4.
   298 | D        | Noticed a spriggan
   298 | D        | Found a transporter.
   299 | D        | Offered knowledge of Sandblast by Vehumet.
   299 | D        | Reached ** piety under Vehumet
   302 | D        | Reached XP level 8. HP: 32/41 MP: 15/24
   679 | D        | Entered arena 5.
   679 | D        | Noticed a jumping spider
   679 | D        | Noticed a jumping spider
   679 | D        | Found a transporter.
   680 | D        | Offered knowledge of Dazzling Flash by Vehumet.
   680 | D        | Reached *** piety under Vehumet
   680 | D        | Killed a jumping spider
   682 | D        | Killed a jumping spider
   683 | D        | Reached skill level 15 in Fire Magic
   687 | D        | Got the Handbook of Fiery Translocation
   689 | D        | Got the amulet "Otas" {Faith rPois rF+}
   712 | D        | Entered arena 6.
   712 | D        | Noticed a two-headed ogre
   712 | D        | Noticed a two-headed ogre
   712 | D        | Noticed a two-headed ogre
   712 | D        | Found a transporter.
   714 | D        | Reached **** piety under Vehumet
   715 | D        | Reached XP level 9. HP: 45/45 MP: 25/27
   715 | D        | Killed a two-headed ogre
   716 | D        | Reached skill level 1 in Polearms
   716 | D        | Reached skill level 5 in Evocations
   716 | D        | Killed a two-headed ogre
   716 | D        | Killed a two-headed ogre
   717 | D        | Reached skill level 10 in Stealth
   847 | D        | Learned a level 5 spell: Bolt of Magma
   849 | D        | Entered arena 7.
   849 | D        | Noticed a soul eater
   849 | D        | Gained mutation: Your magical capacity is low. (-10% MP) [a
                  | neqoxec]
   850 | D        | Reached ***** piety under Vehumet
   850 | D        | Gained mutation: You are weak. (Str -2) [a neqoxec]
   852 | D        | Reached XP level 10. HP: 50/50 MP: 17/26
   852 | D        | Killed a soul eater
   854 | D        | Found a transporter.
   869 | D        | Entered arena 8.
   870 | D        | Offered knowledge of Hailstorm by Vehumet.
   871 | D        | Reached ****** piety under Vehumet
   875 | D        | Found a transporter.
   886 | D        | Got Sif Muna's Collected Works on Supportive Ignition
   992 | D        | Entered arena 9.
   992 | D        | Noticed a spriggan rider
   994 | D        | Reached skill level 5 in Conjurations
   995 | D        | Reached skill level 10 in Dodging
   998 | D        | Found a transporter.
  1015 | D        | Got the Collected Works on Enthralling Air
  1077 | D        | Entered arena 10.
  1078 | D        | Found the +7 great mace "Undeadhunter" {disrupt, rN+}
  1078 | D        | Offered knowledge of Lee's Rapid Deconstruction by Vehumet.
  1079 | D        | Reached skill level 1 in Earth Magic
  1085 | D        | Found a transporter.
  1113 | D        | Learned a level 5 spell: Lee's Rapid Deconstruction
  1116 | D        | Entered arena 11.
  1116 | D        | Noticed a thrashing horror
  1117 | D        | Found the +5 demon whip "Spellbinder" {antimagic, Will+}
  1117 | D        | Offered knowledge of Orb of Destruction by Vehumet.
  1118 | D        | Killed a thrashing horror
  1119 | D        | Reached skill level 15 in Spellcasting
  1121 | D        | Found a transporter.
  1267 | D        | Entered arena 12.
  1267 | D        | Noticed a blizzard demon
  1268 | D        | Offered knowledge of Freezing Cloud by Vehumet.
  1269 | D        | Killed a blizzard demon
  1270 | D        | Reached XP level 11. HP: 55/55 MP: 24/29
  1364 | D        | Found a transporter.
  1388 | D        | Learned a level 6 spell: Freezing Cloud
  1489 | D        | Entered arena 13.
  1489 | D        | Noticed a lindwurm
  1489 | D        | Noticed a spriggan berserker
  1490 | D        | Noticed a death yak
  1492 | D        | Killed a spriggan berserker
  1492 | D        | Killed a lindwurm
  1492 | D        | Noticed a seven-headed hydra
  1492 | D        | Noticed a spriggan berserker
  1492 | D        | Noticed a spriggan berserker
  1493 | D        | Reached skill level 1 in Fighting
  1494 | D        | Killed a spriggan berserker
  1494 | D        | Offered knowledge of Iskenderun's Battlesphere by Vehumet.
  1494 | D        | Killed a spriggan berserker
  1498 | D        | Killed a death yak
  1500 | D        | Killed a seven-headed hydra
  1687 | D        | Found a transporter.
  1718 | D        | Entered arena 14.
  1720 | D        | Offered knowledge of Yara's Violent Unravelling by Vehumet.
  1721 | D        | Noticed a rockslime
  1721 | D        | Noticed an azure jelly
  1722 | D        | Noticed a rockslime
  1722 | D        | Noticed a rockslime
  1724 | D        | Reached skill level 10 in Conjurations
  1724 | D        | Killed a rockslime
  1725 | D        | Reached XP level 12. HP: 61/61 MP: 28/33
  1728 | D        | Killed a rockslime
  1731 | D        | Killed a rockslime
  1732 | D        | Reached skill level 5 in Earth Magic
  1732 | D        | Killed an azure jelly
  1863 | D        | Found a transporter.
  1875 | D        | Got the ring of Pazolits {Ice rCorr}
  1897 | D        | Entered arena 15.
  1899 | D        | Noticed an emperor scorpion
  1901 | D        | Offered knowledge of Iron Shot by Vehumet.
  1902 | D        | Reached skill level 10 in Evocations
  1906 | D        | Slain by a demonic crawler

Illustrated notes

Levels and vault maps discovered:
D:        sprint_v [room_start, room_1, room_2, room_3, room_4, room_5, room_6,
          room_7, room_8, room_9, room_10, room_11, room_12, room_13, room_14,
          room_15, room_16, room_17, room_18, room_19, room_20, room_21,
          room_22, room_23, room_24, room_25, room_26, room_27]

Skill      XL: |  1  2  3  4  5  6  7  8  9 10 11 12 |
---------------+-------------------------------------+-----
Dodging        | 5 6 7 8 9 10 | 10.8
Stealth        | 5 6 7 8 10 | 10.8
Spellcasting   | 7 9 10 12 13 15 18 20 | 20.9
Fire Magic     | 10 12 13 15 17 18 20 | 20.5
Evocations     | 1 2 3 4 6 8 9 10 | 10.3
Conjurations   | 2 3 4 7 10 11 | 11.6
Polearms       | 1 2 3 |  3.9
Earth Magic    | 1 3 7 |  7.6
Fighting       | 1 |  1.8

Action                   |  1- 3 |  4- 6 |  7- 9 | 10-12 || total
-------------------------+-------+-------+-------+-------++-------
Melee: Lance             |       |     2 |     5 |     5 ||    12
 Cast: Fireball          |       |       |    10 |    30 ||    40
       Bolt of Magma     |       |       |       |     2 ||     2
       Lee's Rapid Decon |       |       |       |     6 ||     6
       Sticky Flame      |       |       |       |     1 ||     1
Evoke: Wand              |     3 |     2 |     3 |     1 ||     9
       Lightning rod     |       |       |     1 |     3 ||     4
       Condenser vane    |       |       |     1 |     7 ||     8
       Tin of tremorston |       |       |       |     2 ||     2
  Use: Scroll            |     1 |       |       |     2 ||     3
       Potion            |       |     1 |     1 |     1 ||     3
Armor: Robe              |       |     1 |       |     5 ||     6
Dodge: Dodged            |       |     1 |     3 |    14 ||    18

Table legend: (Time is in decaauts)
 A = Elapsed time spent in this place.
 B = Non-inter-level travel time spent in this place.
 C = Inter-level travel time spent in this place.
 D = Time resting spent in this place.
 E = Time spent auto-exploring this place.
 F = Levels seen in this place.
 G = Mean time per level.
                   A        B        C        D        E       F      G
               +--------+--------+--------+--------+--------+-----+--------+
         Total |   1924 |   1924 |      0 |   1453 |      0 |   1 | 1924.0 |
       Dungeon |   1924 |   1924 |      0 |   1453 |      0 |   1 | 1924.0 |
               +--------+--------+--------+--------+--------+-----+--------+

Top non-repeatable levels by time:
       D: 1924 daAuts
